 Dungeon Crawl Stone Soup version 0.31-a0-237-g2d982f9f85 (webtiles) character file.

Game seed: 16196173723865086526

107 qw the Shooter (level 4, 0/37 HPs)
             Began as a Minotaur Hexslinger on July 10, 2023.
             Slain by a hobgoblin (4 damage)
             ... on level 3 of the Dungeon.
             The game lasted 00:00:40 (1587 turns).

qw the Shooter (Minotaur Hexslinger)                Turns: 1587, Time: 00:00:41

Health: 0/37       AC:  5    Str: 12    XL:     4   Next: 57%
Magic:  4/4        EV: 12    Int: 10    God:
Gold:   89         SH:  0    Dex: 15    Spells: 4/5 levels left

rFire   . . .        Y - +1 sling
rCold   . . .        (no shield)
rNeg    . . .        d - +0 leather armour
rPois   .            (helmet restricted)
rElec   .            (no cloak)
rCorr   .            h - +1 pair of gloves
SInv    .            (no boots)
Will    .....        (no amulet)
Stlth   +            (no ring)
HPRegen 0.26/turn    (no ring)
MPRegen 0.09/turn

%: no passive effects
@: no status effects
A: horns 2, retaliatory headbutt
a: no special abilities


You were on level 3 of the Dungeon.
You visited 1 branch of the dungeon, and saw 3 of its levels.

You collected 89 gold pieces.


Innate Abilities, Weirdness & Mutations

You have a pair of horns on your head.
You reflexively headbutt those who attack you in melee.


   Skills:
 + Level 2.3 Fighting
 - Level 5.0 Ranged Weapons
 - Level 2.1 Dodging
 - Level 1.0 Spellcasting
 - Level 2.0 Hexes


You had 4 spell levels left.
You knew the following spells:

 Your Spells              Type           Power      Damage    Failure   Level
a - Slow                  Hex            16%        N/A       19%         1

Your spell library contained the following spells:

 Spells                   Type           Power      Damage    Failure   Level
 Inner Flame              Hex/Fire       2%         N/A       65%         3
 Portal Projectile        Hex/Tloc       4%         N/A       65%         3
 Cause Fear               Hex            2%         N/A       88%         4

Inventory:

Hand Weapons
 Y - a +1 sling (weapon)
Armour
 d - a +0 leather armour (worn)
 h - a +1 pair of gloves (worn)
Jewellery
 b - a ring of ice
Scrolls
 c - a scroll of identify
Potions
 a - a potion of might
 g - 2 potions of resistance

Dungeon Overview and Level Annotations

Branches:
Dungeon (3/15)

Altars:
Hepliaklqana


Message History

You kill the goblin!
The gnoll closely misses you. The gnoll hits you with a +0 whip. x2
1579 ||| DRINKING potion of heal wounds.
You feel much better. The gnoll hits you with a +0 club.
The gnoll barely misses you. The gnoll completely misses you.
You furiously retaliate!
You headbutt the gnoll.
You kill the gnoll!
A hobgoblin comes into view.
Your Ranged Weapons skill increases to level 5!
You shoot a sling bullet.
The sling bullet closely misses the gnoll.
The gnoll hits you with a +0 whip. The gnoll hits you with a +0 club.
You shoot a sling bullet.
The sling bullet barely misses the gnoll.
The gnoll closely misses you. The gnoll hits you with a +0 whip!
You shoot a sling bullet. The sling bullet hits the gnoll.
The gnoll is almost dead.
The gnoll hits you with a +0 club. The gnoll barely misses you.
The gnoll hits you with a +0 club. The gnoll barely misses you.
You shoot a sling bullet.
The sling bullet barely misses the gnoll.
The gnoll barely misses you. You furiously retaliate!
You headbutt the gnoll!
You kill the gnoll!
The gnoll completely misses you. You furiously retaliate!
You headbutt the gnoll, but do no damage.
You shoot a sling bullet.
The sling bullet closely misses the gnoll.
The gnoll barely misses you.
You shoot a sling bullet.
The sling bullet barely misses the gnoll.
The gnoll closely misses you.
The hobgoblin hits you but does no damage.
You shoot a sling bullet. The sling bullet hits the gnoll.
The gnoll is lightly wounded.
The gnoll hits you with a +0 whip. The hobgoblin closely misses you.
You shoot a sling bullet. The sling bullet hits the gnoll.
The gnoll is lightly wounded.
The hobgoblin hits you.
You die...

##. ....#
?..###...###
...........#
#.........#
.#........<#
...........#
......)g...#
..))..g@.<.#
..###.##.###
#. #.# ..
#.# ## #.#
#.# #.# #.#
#.#


You could see a gnoll and a hobgoblin.

Vanquished Creatures
  2 adders (D:2)
  3 gnolls (D:3)
  A worm (D:2)
  A dart slug (D:2)
  8 bats
  7 endoplasms
  A giant cockroach (D:1)
  7 goblins
  3 hobgoblins
  5 jackals
  3 kobolds (D:1)
  7 ball pythons
  A frilled lizard (D:2)
  3 rats
52 creatures vanquished.

Notes
Turn   | Place    | Note
-------+----------+-------------------------------------------
     0 | D:1      | qw the Minotaur Hexslinger began the quest for the Orb.
     0 | D:1      | Reached XP level 1. HP: 16/16 MP: 1/1
     0 | D:1      | 0 ||| qw: Version: 0.3-a-52-g30416fa
     0 | D:1      | 0 ||| qw: Game counter: 4997
     0 | D:1      | 0 ||| qw: Melee chars always use a shield: true
     0 | D:1      | 0 ||| qw: God list: Okawaru
     0 | D:1      | 0 ||| qw: Allow faded altars: false
     0 | D:1      | 0 ||| qw: Do Orc after clearing Dungeon:15 true
     0 | D:1      | 0 ||| qw: Do second Lair branch before Depths: true
     0 | D:1      | 0 ||| qw: Lair rune preference: random
     0 | D:1      | 0 ||| qw: Goals: Normal
     0 | D:1      | 0 ||| PLANNING D:1-11
    86 | D:1      | Found a faded altar of an unknown god.
    90 | D:1      | Reached skill level 3 in Ranged Weapons
    90 | D:1      | Reached XP level 2. HP: 20/23 MP: 2/2
    90 | D:1      | 90 ||| FLEEEEING.
   549 | D:1      | Reached XP level 3. HP: 29/29 MP: 3/3
   641 | D:1      | 641 ||| UPGRADING to +0 leather armour.
   651 | D:1      | 651 ||| DROPPING +0 robe.
   652 | D:1      | 652 ||| UPGRADING to +1 pair of gloves.
   657 | D:1      | 657 ||| READING scroll labelled PEPEEHISTO.
   658 | D:1      | 658 ||| READING scroll labelled IMOMIH OSAIN.
   659 | D:1      | 659 ||| DRINKING 3 fizzy pink potions.
   660 | D:1      | 660 ||| DRINKING 2 fizzy golden potions.
   661 | D:1      | 661 ||| DROPPING scroll of poison.
   723 | D:2      | HP: 7/29 [worm (3)]
   724 | D:2      | 724 ||| DRINKING 2 potions of heal wounds.
   762 | D:2      | Reached skill level 4 in Ranged Weapons
   931 | D:2      | Found a hazy altar of Hepliaklqana.
  1243 | D:2      | Reached XP level 4. HP: 35/36 MP: 4/4
  1406 | D:2      | 1406 ||| READING scroll labelled DAVVEIPUIDUI.
  1572 | D:3      | HP: 8/36 [gnoll/+0 club (3)]
  1573 | D:3      | 1573 ||| DRINKING 2 potions of heal wounds.
  1578 | D:3      | HP: 6/36 [gnoll/+0 whip (4)]
  1579 | D:3      | 1579 ||| DRINKING potion of heal wounds.
  1580 | D:3      | Reached skill level 5 in Ranged Weapons
  1586 | D:3      | HP: 4/37 [gnoll/+0 whip (6)]
  1587 | D:3      | Slain by a hobgoblin

Levels and vault maps discovered:
D:1:      ebering_trefoil_3fold, layout_loops_ring,
          nicolae_ecumenical_snake_handling
D:2:      layout_loops_cross, basic_altar, kennysheep_generic_room_2
D:3:      layout_rooms, nemelex_altar_shiori, mainiacjoe_overflow_24_doors

Skill      XL: |  1  2  3  4 |
---------------+-------------+-----
Ranged Weapons | 3 4 5 |  5.0
Fighting       | 2 |  2.3
Dodging        | |  2.1
Spellcasting   | |  1.0
Hexes          | |  2.0

Action                     |  1- 3 |  4- 6 || total
---------------------------+-------+-------++-------
   Fire: Sling             |   139 |    34 ||   173
    Use: Potion            |     3 |     2 ||     5
         Scroll            |     2 |     1 ||     3
 Armour: Robe              |     4 |       ||     4
         Leather armour    |    14 |     7 ||    21
  Dodge: Dodged            |    40 |    33 ||    73

Table legend:
 A = Non-vault XP
 B = Vault XP
 C = Vault XP percentage of total XP
 D = Non-vault monster count
 E = Vault monster count
 F = Vault count percentage of total count
                 A         B        C        D         E       F
            +---------+---------+-------+---------+---------+-------
      Total |     144 |      10 |   6.5 |      47 |       5 |   9.6
            +---------+---------+-------+---------+---------+-------
        D:1 |      41 |       3 |   6.8 |      25 |       2 |   7.4
        D:2 |      56 |       7 |  11.1 |      17 |       3 |  15.0
        D:3 |      47 |       0 |   0.0 |       5 |       0 |   0.0
            +---------+---------+-------+---------+---------+-------
